 Dungeon Crawl Stone Soup version 0.30-a0-279-g4b46babb21 (webtiles) character file.

Game seed: 5880387906533167704

4 koil the Sneak (level 1, -1/9 HPs)
             Began as a Spriggan Enchanter on Oct 17, 2022.
             Slain by a kobold
             ... wielding a +3 dagger
              (4 damage)
             ... on level 1 of the Dungeon.
             The game lasted 00:00:18 (71 turns).

koil the Sneak (Spriggan Enchanter)                   Turns: 71, Time: 00:00:19

Health: -1/9       AC:  2    Str:  4    XL:     1   Next: 50%
Magic:  5/5        EV: 17    Int: 16    God:
Gold:   9          SH:  0    Dex: 15    Spells: 5/5 levels left

rFire   . . .      SeeInvis +    a - +1 dagger
rCold   . . .      Faith    .    (no shield)
rNeg    . . .      Spirit   .    b - +0 robe
rPois   .          Reflect  .    (helmet restricted)
rElec   .          Harm     .    (no cloak)
rCorr   .          Rampage  .    (gloves unavailable)
Will    .....                    (boots unavailable)
Stlth   +++.......               (no amulet)
HPRegen 0.21/turn                (no ring)
MPRegen 0.09/turn                (no ring)

@: very quick
A: very small, no large weapons, unfitting armour, see invisible, speed 3
a: no special abilities


You were on level 1 of the Dungeon.
You visited 1 branch of the dungeon, and saw 1 of its levels.

You collected 9 gold pieces.

Inventory:

Hand Weapons
 a - a +1 dagger (weapon)
Armour
 b - a +0 robe (worn)
Potions
 c - 2 potions of invisibility
 d - a potion of resistance {unknown}


   Skills:
 + Level 0.1 Fighting
 + Level 1.2 Short Blades
 + Level 2.8 Dodging
 + Level 4.4 Stealth
 + Level 2.7 Spellcasting
 + Level 3.6 Hexes


You had 5 spell levels left.
You didn't know any spells.
Your spell library contained the following spells:

 Spells                   Type           Power      Damage    Failure   Level
 Confusing Touch          Hex            14%        N/A       13%         3
 Tukima's Dance           Hex            14%        N/A       13%         3
 Ensorcelled Hibernation  Hex/Ice        16%        N/A       14%         2
 Magic Dart               Conj           8%         1d3       19%         1
 Dazzling Flash           Conj/Hex       16%        N/A       26%         3
 Searing Ray              Conj           4%         2d4       28%         2
 Fulminant Prism          Conj/Hex       4%         3d6       65%         4


Dungeon Overview and Level Annotations

Branches:
Dungeon (1/15)

Altars:


Innate Abilities, Weirdness & Mutations

You are very small and have problems with some larger weapons.
You are too small for most types of armour.
You have supernaturally acute eyesight. (SInv)
You cover ground extremely quickly. (Speed+++)


Message History

You completely miss the goblin.
The goblin is moderately wounded.
The goblin hits you but does no damage.
You closely miss the goblin.
The goblin is moderately wounded.
The goblin closely misses you.
You barely miss the goblin.
The goblin is moderately wounded.
The goblin misses you.
You hit the goblin.
The goblin is severely wounded.
The goblin misses you.
You hit the goblin.
You kill the goblin!
No target in view!
No target in view!
No target in view!
HP restored.
You now have 9 gold pieces.
d - a glowing pink potion You pick up a book of Conjurations and begin reading...
You add the spells Magic Dart, Searing Ray and Fulminant Prism to your library.
A ball python comes into view.
A kobold comes into view. It is wielding a +3 dagger.
The helpless ball python fails to defend itself.
You impale the ball python!!
You kill the ball python!
No target in view!
No target in view!
Found 6 stones.
The kobold shouts!
The kobold throws a stone.
The stone misses you.
You miss the kobold. The kobold hits you with a +3 dagger.
Ouch! That really hurt!
You are too injured to fight recklessly!
You are too injured to fight recklessly!
You hit the kobold.
The kobold is severely wounded.
The kobold hits you with a +3 dagger.
You die...

...## .#..###
......######## #§.§§
.............. .§≈§≈
......#########.§≈§§
#.........####..§≈≈
##....###...##.≈≈
.#.....
###.##.######.#
.#....#.
#.....@K....#
###.####.
###..######.# ..+.
##.≈≈≈≈≈# ####
#..≈§≈§# .#
#....≈≈≈≈# .#
(...##.§≈≈≈# ##
#...# #..§§≈≈ #
#...# #...≈≈ #...
.....


You could see a kobold.

Vanquished Creatures
  A ball python (D:1)
  An endoplasm (D:1)
  A goblin (D:1)
3 creatures vanquished.

Notes
Turn   | Place    | Note
-------+----------+-------------------------------------------
     0 | D:1      | koil the Spriggan Enchanter began the quest for the Orb.
     0 | D:1      | Reached XP level 1. HP: 9/9 MP: 5/5
    71 | D:1      | Slain by a kobold

Illustrated notes

Levels and vault maps discovered:
D:1:      nzn_arrival_crosshair, layout_rooms, hangedman_decor_points,
          minmay_misc_feat_nine_boxes, grunt_decor_junction,
          chequers_hall_statues_wall_a, minmay_gold_behind_fungi,
          hangedman_feature_mirror, minmay_tetromino_s4

Action                   || total
-------------------------++-------
Melee: Dagger            ||    12
 Stab: Sleeping          ||     1
Armor: Robe              ||     1
Dodge: Dodged            ||     6

Table legend: (Time is in decaauts)
 A = Elapsed time spent in this place.
 B = Non-inter-level travel time spent in this place.
 C = Inter-level travel time spent in this place.
 D = Time resting spent in this place.
 E = Time spent auto-exploring this place.
 F = Levels seen in this place.
 G = Mean time per level.
                   A        B        C        D        E       F      G
               +--------+--------+--------+--------+--------+-----+--------+
         Total |     53 |     53 |      0 |      0 |     29 |   1 |   53.0 |
       Dungeon |     53 |     53 |      0 |      0 |     29 |   1 |   53.0 |
               +--------+--------+--------+--------+--------+-----+--------+

Top non-repeatable levels by time:
     D:1: 53 daAuts
